[Event "Titled Tuesday Blitz March 08 Late 2022"]
[White "Butti, Enrique"]
[Black "Todorovic, Bojan"]
[WhiteFideId "3700470"]
[BlackFideId "917087"]
[WhiteElo "2080"]
[BlackElo "2266"]
[Result "0-1"]
[Round "07"]
[TimeControl "180+1"]
[Date "2022.03.09"]
[WhiteClock "0:00:01"]
[BlackClock "0:00:21"]

1. Nf3 Nf6 2. c4 g6 3. d4 Bg7 4. Nc3 O-O 5. Bg5 d6 6. e3 Bf5 7. Bd3 Bxd3 8. Qxd3 Nbd7 9. O-O c6 10. Rfd1 Qa5 11. Qd2 h6 12. Bh4 g5 13. Bg3 Qf5 14. h4 Ne4 15. Nxe4 Qxe4 16. hxg5 hxg5 17. Nxg5 Qg4 18. Nf3 f5 19. d5 c5 20. Qc2 Nf6 21. Nh2 Qh5 22. f3 Kf7 23. Nf1 Rh8 24. Kf2 Nd7 25. Nd2 Be5 26. f4 Bf6 27. Rh1 Qg6 28. Rxh8 Rxh8 29. Qd1 Bxb2 30. Rb1 Bc3 31. Rxb7 Bxd2 32. Rxd7 Bxe3+ 33. Kxe3 Qxg3+ 34. Qf3 Qe1+ 35. Qe2 Qc1+ 36. Kf3 Qc3+ 37. Kf2 Qd4+ 38. Kf3 Qf6 39. Rxa7 Rb8 40. a4 Rb3+ 41. Kf2 Rb2 42. Rxe7+ Kg6 43. Re6 Rxe2+ 44. Kxe2 Qxe6+ 45. dxe6 Kf6 46. a5 Kxe6 47. a6 Kd7 48. a7 Kc7 0-1


[Site "https://www.chess.com"]

[Event "Titled Tuesday Blitz March 08 Late 2022"]
[White "Caruana, Fabiano"]
[Black "Salinas Herrera, Pablo"]
[WhiteFideId "2020009"]
[BlackFideId "3407128"]
[WhiteElo "2744"]
[BlackElo "2541"]
[Result "1-0"]
[Round "07"]
[TimeControl "180+1"]
[Date "2022.03.08"]
[WhiteClock "0:01:48"]
[BlackClock "0:00:03"]

1. e4 e5 2. Nf3 Nc6 3. Bb5 a6 4. Ba4 Nf6 5. O-O d6 6. Bxc6+ bxc6 7. d4 exd4 8. Nxd4 c5 9. Nc6 Qd7 10. Na5 Qa4 11. Bd2 Be7 12. Re1 O-O 13. Nc3 Qxa5 14. Nd5 Qa4 15. Nxe7+ Kh8 16. Bc3 Nxe4 17. Qd5 Nxc3 18. Qxa8 Nb5 19. Nxc8 Qg4 20. Qxa6 Nd4 21. Ne7 Nf3+ 22. Kh1 Nxe1 23. Rxe1 Qf4 24. Qe2 h6 25. c3 Qa4 26. b3 Qa5 27. c4 Qc3 28. Nd5 Qd4 29. Nxc7 Rc8 30. Nd5 Ra8 31. h3 g6 32. a4 Kg7 33. Qf3 Rb8 34. Re7 Rf8 35. Kh2 h5 36. a5 h4 37. a6 1-0


[Site "https://www.chess.com"]

[Event "Titled Tuesday Blitz March 08 Late 2022"]
[White "Chigaev, Maksim"]
[Black "Jaferian, Koosha"]
[WhiteFideId "4108116"]
[BlackFideId "12507440"]
[WhiteElo "2502"]
[BlackElo "2030"]
[Result "1-0"]
[Round "07"]
[TimeControl "180+1"]
[Date "2022.03.08"]
[WhiteClock "0:00:28"]
[BlackClock "0:00:16"]

1. d4 Nf6 2. Nf3 e6 3. Bf4 c5 4. e3 Nc6 5. Nbd2 d5 6. c3 Bd6 7. dxc5 Bxc5 8. Bd3 Bd6 9. Bxd6 Qxd6 10. O-O e5 11. e4 O-O 12. Re1 Bg4 13. h3 Bxf3 14. Qxf3 dxe4 15. Nxe4 Nxe4 16. Bxe4 Rac8 17. Rad1 Qc7 18. b4 b6 19. Qf5 g6 20. Qf6 Nd8 21. h4 Ne6 22. h5 Rfd8 23. hxg6 hxg6 24. Bxg6 fxg6 25. Qxe6+ Qf7 26. Qxe5 Re8 27. Qd4 Rf8 28. Rd2 Rc4 29. Qe5 Rf4 30. f3 Rf5 31. Qe6 Qxe6 32. Rxe6 Kg7 33. Re7+ R8f7 34. Rdd7 Rxe7 35. Rxe7+ Kf6 36. Rxa7 b5 37. Ra5 1-0


[Site "https://www.chess.com"]

[Event "Titled Tuesday Blitz March 08 Late 2022"]
[White "Chiu, Isaac"]
[Black "Debray, Christopher"]
[WhiteFideId "30900654"]
[BlackFideId "630810"]
[WhiteElo "2117"]
[BlackElo "2393"]
[Result "1/2-1/2"]
[Round "07"]
[TimeControl "180+1"]
[Date "2022.03.09"]
[WhiteClock "0:00:04"]
[BlackClock "0:00:04"]

1. c4 g6 2. e4 Bg7 3. d4 d6 4. Nc3 e5 5. Nf3 Bg4 6. Be3 Nc6 7. d5 Bxf3 8. Qxf3 Nd4 9. Qd1 c5 10. dxc6 bxc6 11. Bd3 Ne7 12. O-O O-O 13. Ne2 c5 14. Nxd4 exd4 15. Bd2 f5 16. exf5 Nxf5 17. Rb1 a5 18. Qg4 a4 19. Be4 Rb8 20. b4 axb3 21. axb3 Kh8 22. Rfe1 Qd7 23. b4 cxb4 24. Bxb4 Qa4 25. Bd2 Rxb1 26. Bxb1 Qxc4 27. Bxf5 gxf5 28. Qh5 Qf7 29. Qf3 h6 30. g3 Kh7 31. Bf4 Re8 32. Rb1 Be5 33. Bxe5 dxe5 34. Rb7 Re7 35. Rxe7 Qxe7 36. Qxf5+ Kg7 37. Qe4 Qd6 38. Kf1 Kf6 39. Qh4+ Kg6 40. Qe4+ Kg7 41. Ke2 Kf6 42. f4 exf4 43. gxf4 Qa6+ 44. Kf2 Qa2+ 45. Kg3 Qb3+ 46. Kh4 d3 47. Qe5+ Kf7 48. Qf5+ Ke7 49. Qh7+ Kd8 50. Qh8+ Kc7 51. Qh7+ Kc8 52. Qh8+ Kc7 53. Qxh6 Qc2 54. Qg7+ Kc6 55. Qf6+ Kc5 56. Qe5+ Kc4 57. Qe4+ Kc3 58. f5 d2 59. Qc6+ Kb2 60. Qb5+ Kc1 61. f6 d1=Q 62. f7 Qd4+ 63. Kg5 Qcc5+ 64. Qxc5+ Qxc5+ 65. Kf6 Qd6+ 66. Kg7 Qe7 67. h4 Kd2 68. Kg8 Ke3 69. f8=Q Qxf8+ 70. Kxf8 Kf4 71. Ke8 Kg4 72. Kd8 Kh5 73. Kc8 Kxh4 1/2-1/2


[Site "https://www.chess.com"]

[Event "Titled Tuesday Blitz March 08 Late 2022"]
[White "Clawitter, Craig"]
[Black "Warakomska, Anna"]
[WhiteFideId "2023105"]
[BlackFideId "1130790"]
[WhiteElo "2255"]
[BlackElo "2062"]
[Result "0-1"]
[Round "07"]
[TimeControl "180+1"]
[Date "2022.03.09"]
[WhiteClock "0:00:04"]
[BlackClock "0:00:54"]

1. e4 c5 2. Nf3 e6 3. d4 cxd4 4. Nxd4 Nc6 5. Nc3 Qc7 6. Be3 a6 7. Qd2 Nf6 8. f3 Be7 9. O-O-O b5 10. Nxc6 dxc6 11. Bd3 O-O 12. g4 e5 13. Ne2 Be6 14. Kb1 Rfd8 15. Ng3 Nd7 16. Nf5 Bf8 17. h4 Nb6 18. Bxb6 Qxb6 19. h5 c5 20. Qg5 f6 21. Qh4 c4 22. Be2 c3 23. b3 Qa5 24. Qe1 Bb4 25. Rxd8+ Rxd8 26. Qc1 Rd2 27. Ng3 Bxb3 28. axb3 Ba3 29. Qg1 Bb2 30. Qc5 Qa1# 0-1


[Site "https://www.chess.com"]

[Event "Titled Tuesday Blitz March 08 Late 2022"]
[White "Csonka, Balazs"]
[Black "Estrada Nieto, Julian"]
[WhiteFideId "742910"]
[BlackFideId "5101018"]
[WhiteElo "2404"]
[BlackElo "2246"]
[Result "0-1"]
[Round "07"]
[TimeControl "180+1"]
[Date "2022.03.09"]
[WhiteClock "0:00:04"]
[BlackClock "0:00:30"]

1. d4 d5 2. Nf3 Nf6 3. Bf4 c5 4. e3 Nc6 5. Nbd2 e6 6. c3 h6 7. Ne5 Bd6 8. Bd3 O-O 9. Qf3 cxd4 10. exd4 Bxe5 11. dxe5 Nd7 12. Qg3 Kh8 13. h4 Qc7 14. Nf3 Nc5 15. Rd1 Nxd3+ 16. Rxd3 b6 17. Bxh6 gxh6 18. Qf4 f5 19. Qxh6+ Kg8 20. Nd4 Nxe5 21. Rg3+ Ng4 22. Qg6+ Qg7 23. Qxg7+ Kxg7 24. f3 e5 25. Nxf5+ Bxf5 26. fxg4 Be4 27. Rf1 Rxf1+ 28. Kxf1 Rf8+ 29. Ke2 d4 30. cxd4 exd4 31. h5 Kh6 32. Ra3 a5 33. Rb3 Rf6 34. Rb5 Re6 35. Kf2 d3 36. g5+ Kxh5 37. Ke3 Bc6+ 0-1


[Site "https://www.chess.com"]

[Event "Titled Tuesday Blitz March 08 Late 2022"]
[White "Curtis, John"]
[Black "Vine, Elzbieta"]
[WhiteFideId "3200256"]
[BlackFideId "1119320"]
[WhiteElo "2203"]
[BlackElo "1819"]
[Result "1-0"]
[Round "07"]
[TimeControl "180+1"]
[Date "2022.03.09"]
[WhiteClock "0:00:08"]
[BlackClock "0:00:01"]

1. Nf3 d5 2. c4 c6 3. cxd5 cxd5 4. d4 Nf6 5. Nc3 Nc6 6. Bf4 Bg4 7. e3 e6 8. Bb5 Bd6 9. Qa4 Rc8 10. Ne5 O-O 11. Bxc6 bxc6 12. Nxg4 Nxg4 13. Bxd6 Qxd6 14. Qd1 f5 15. h3 Nxe3 16. fxe3 Qg3+ 17. Kd2 Qxg2+ 18. Qe2 Qg5 19. Rag1 Qh4 20. Kc2 c5 21. dxc5 Rxc5 22. Rd1 Rfc8 23. Rd4 Qd8 24. Qa6 Qd7 25. Rhd1 e5 26. R4d3 f4 27. exf4 d4 28. fxe5 Rxe5 29. Rxd4 1-0


[Site "https://www.chess.com"]

[Event "Titled Tuesday Blitz March 08 Late 2022"]
[White "Dardha, Daniel"]
[Black "Kuegel, Tobias"]
[WhiteFideId "240990"]
[BlackFideId "4636295"]
[WhiteElo "2482"]
[BlackElo "2213"]
[Result "1-0"]
[Round "07"]
[TimeControl "180+1"]
[Date "2022.03.08"]
[WhiteClock "0:01:39"]
[BlackClock "0:00:04"]

1. e4 c5 2. Nc3 a6 3. Nge2 b5 4. d4 cxd4 5. Nxd4 e6 6. Qe2 Bb7 7. Bf4 Nf6 8. O-O-O Qb6 9. Nd5 Nxd5 10. exd5 Bxd5 11. Nf5 Qc6 12. Qe5 f6 13. Qe1 Kf7 14. Ne3 Be4 15. f3 Bg6 16. h4 h5 17. Bd3 Bxd3 18. Rxd3 d5 19. Rc3 Qe8 20. Rc7+ Nd7 21. Qd2 Rc8 22. Nxd5 Rxc7 23. Nxc7 Qc8 24. Re1 e5 25. Qd5+ Kg6 26. Ne6 Nb6 27. Qd3+ Kf7 28. Nd8+ Ke8 29. Rd1 Be7 30. Qg6+ 1-0


[Site "https://www.chess.com"]

[Event "Titled Tuesday Blitz March 08 Late 2022"]
[White "Derraugh, Geordie"]
[Black "Bluebaum, Matthias"]
[WhiteFideId "2603950"]
[BlackFideId "24651516"]
[WhiteElo "2116"]
[BlackElo "2550"]
[Result "0-1"]
[Round "07"]
[TimeControl "180+1"]
[Date "2022.03.08"]
[WhiteClock "0:00:03"]
[BlackClock "0:01:26"]

1. e4 c6 2. c4 d5 3. exd5 cxd5 4. cxd5 Nf6 5. Nc3 Nxd5 6. Bc4 Nb6 7. Bb3 Nc6 8. Nf3 Bf5 9. d4 e6 10. O-O Be7 11. Re1 O-O 12. Be3 Nb4 13. Ne5 Rc8 14. Rc1 N4d5 15. Nxd5 Nxd5 16. Rxc8 Qxc8 17. Qf3 Nxe3 18. fxe3 Qc7 19. e4 Bg6 20. Nxg6 hxg6 21. d5 e5 22. Rd1 Bd6 23. h3 Rc8 24. Rf1 Qe7 25. Kh2 f5 26. Kh1 f4 27. Qg4 Qe8 28. Ba4 Qf8 29. Qxg6 Rc7 30. Qe6+ Kh7 31. Bd1 Qf6 32. Qg4 g6 33. Bb3 Kh6 34. Qe6 Qf8 35. g4 Qd8 36. Rg1 Kg7 37. g5 Re7 38. Qg4 Qc7 39. Qh4 Kg8 40. Qh6 Rg7 41. Kh2 Qc5 42. Qh4 Rh7 43. Qg4 Re7 44. Rg2 Qe3 45. Rc2 Kg7 46. Re2 Qd3 47. Bc2 Qd4 48. Qh4 Kg8 49. Qg4 Bc5 50. Rg2 Kg7 51. h4 Qe3 52. h5 f3 53. h6+ Kh7 54. Rg3 Qf2+ 55. Kh3 Qf1+ 56. Kh4 Rf7 57. Qe6 Qh1+ 58. Qh3 Rf4+ 59. Rg4 Bf2# 0-1


[Site "https://www.chess.com"]

[Event "Titled Tuesday Blitz March 08 Late 2022"]
[White "Dobrov, Vladimir"]
[Black "Ibarra Jerez, Jose Carlos"]
[WhiteFideId "4136594"]
[BlackFideId "2226332"]
[WhiteElo "2614"]
[BlackElo "2626"]
[Result "1-0"]
[Round "07"]
[TimeControl "180+1"]
[Date "2022.03.08"]
[WhiteClock "0:01:28"]
[BlackClock "0:00:41"]

1. d4 d6 2. Nf3 g6 3. e4 Nf6 4. Bd3 Bg7 5. O-O O-O 6. Re1 Nc6 7. c3 e5 8. Nbd2 Re8 9. h3 Nh5 10. Nb3 h6 11. Be3 Qf6 12. Nbd2 Qg5 13. Nxg5 hxg5 14. d5 Nb8 15. Bxg5 Nd7 16. b4 Nf4 17. Bf1 Nf8 18. Bh4 Bh6 19. Nc4 Nh7 20. Na5 Kh8 21. c4 f5 22. c5 fxe4 23. cxd6 cxd6 24. Nc4 Bf8 25. Rxe4 Bf5 26. f3 Rac8 27. Rc1 Bxe4 28. fxe4 Bh6 29. Rc2 Rf8 30. Nxd6 Rxc2 31. Qxc2 Nh5 32. Bf2 Ng5 33. Nxb7 Nf4 34. d6 Nge6 35. d7 Bg5 36. g3 Nh5 37. h4 Be7 38. Bh3 Nd4 39. Bxd4 exd4 40. Qc7 d3 41. d8=Q Bxd8 42. Nxd8 d2 43. Qc3+ Nf6 44. Qxd2 Nxe4 45. Qd4+ Nf6 46. Ne6 1-0


[Site "https://www.chess.com"]

[Event "Titled Tuesday Blitz March 08 Late 2022"]
[White "Dounis, Alexandros"]
[Black "Tanenbaum, Zachary"]
[WhiteFideId "4213238"]
[BlackFideId "2060850"]
[WhiteElo "2204"]
[BlackElo "2168"]
[Result "0-1"]
[Round "07"]
[TimeControl "180+1"]
[Date "2022.03.08"]
[WhiteClock "0:00:05"]
[BlackClock "0:00:05"]

1. Nf3 d5 2. g3 Nf6 3. Bg2 c6 4. O-O Bf5 5. d3 Nbd7 6. c4 dxc4 7. dxc4 e5 8. Nc3 Be7 9. Nh4 Be6 10. b3 O-O 11. Qc2 Bb4 12. Rd1 Qc7 13. a3 Bc5 14. Bb2 Rfd8 15. Na4 h6 16. Nxc5 Nxc5 17. b4 Ncd7 18. Nf5 Nb6 19. Ne3 Ng4 20. Nxg4 Bxg4 21. Qe4 f5 22. Qxe5 Qxe5 23. Bxe5 Rxd1+ 24. Rxd1 Bxe2 25. Rd4 Re8 26. f4 Nxc4 27. Rd7 Nxe5 28. fxe5 Ba6 29. Bf1 Bxf1 30. Kxf1 Rxe5 31. Rxb7 a5 32. Rb6 axb4 33. axb4 Re4 34. Rxc6 Rxb4 35. Rc2 Kf7 36. Kg2 Rb3 37. Rc7+ Kf6 38. Rc6+ Kg5 39. Rc7 g6 40. Rc6 Kh5 41. Rc5 Rb2+ 42. Kg1 Kg4 43. Rc6 g5 44. Rc4+ Kh3 45. Rc6 h5 46. Rh6 Kg4 47. Rc6 h4 48. Rc4+ Kh3 49. gxh4 g4 50. h5 Rg2+ 51. Kf1 Rxh2 52. Rc5 f4 53. h6 Kg3 54. Rc6 f3 55. Ke1 Rh1+ 56. Kd2 f2 57. Rf6 Rxh6 58. Rxh6 f1=Q 59. Re6 Qf4+ 60. Re3+ Qxe3+ 61. Kxe3 Kh2 62. Kf2 g3+ 0-1


[Site "https://www.chess.com"]

[Event "Titled Tuesday Blitz March 08 Late 2022"]
[White "Dubov, Daniil"]
[Black "Praggnanandhaa R"]
[WhiteFideId "24126055"]
[BlackFideId "25059530"]
[WhiteElo "2791"]
[BlackElo "2599"]
[Result "0-1"]
[Round "07"]
[TimeControl "180+1"]
[Date "2022.03.08"]
[WhiteClock "0:00:23"]
[BlackClock "0:00:20"]

1. d4 Nf6 2. Nf3 e6 3. c4 d5 4. g3 dxc4 5. Bg2 c5 6. O-O Nc6 7. dxc5 Qxd1 8. Rxd1 Bxc5 9. Nc3 Bd7 10. Nd2 Na5 11. Nde4 Nxe4 12. Nxe4 Bb4 13. Bf4 Bc6 14. Rac1 O-O 15. Nd6 Bxg2 16. Kxg2 Rfd8 17. Ne4 Rd5 18. Rf1 b6 19. Rc2 Rad8 20. Rfc1 f5 21. Ng5 e5 22. Be3 h6 23. Nf3 e4 24. Ng1 Bd2 25. Bxd2 Rxd2 26. h4 b5 27. Nh3 Nc6 28. Nf4 Nb4 29. Rxd2 Rxd2 30. a4 a6 31. axb5 axb5 32. Ra1 g5 33. Ra7 0-1


[Site "https://www.chess.com"]

[Event "Titled Tuesday Blitz March 08 Late 2022"]
[White "Elissalt Cardenas, Hector"]
[Black "Cupid, Kevin"]
[WhiteFideId "3500632"]
[BlackFideId "7700512"]
[WhiteElo "2159"]
[BlackElo "2096"]
[Result "1-0"]
[Round "07"]
[TimeControl "180+1"]
[Date "2022.03.09"]
[WhiteClock "0:00:12"]
[BlackClock "0:00:07"]

1. d4 Nf6 2. c4 c5 3. d5 b5 4. cxb5 d6 5. Nc3 g6 6. e4 Bg7 7. h3 O-O 8. Nf3 a6 9. a4 Nbd7 10. Bg5 Qa5 11. Bd2 Ne8 12. Qc2 axb5 13. Nxb5 Qd8 14. Bc3 Ba6 15. Bxg7 Nxg7 16. Be2 Qa5+ 17. Nd2 f5 18. O-O fxe4 19. Nxe4 Nf5 20. Nec3 Ne5 21. b3 Qb4 22. Rae1 Nd4 23. Nxd4 cxd4 24. Nb5 Rac8 25. Qe4 Bxb5 26. Bxb5 Qxb3 27. f4 Nf7 28. Rf3 Qb4 29. Rd3 Rc2 30. Rxd4 Qb2 31. Bd7 Rxg2+ 32. Qxg2 Qxd4+ 33. Kh1 Qxf4 34. Be6 Kg7 35. Qb2+ Qf6 36. Qxf6+ Kxf6 37. a5 Nd8 38. Rf1+ Kg7 39. Rxf8 Kxf8 40. a6 Ke8 41. a7 1-0


[Site "https://www.chess.com"]

[Event "Titled Tuesday Blitz March 08 Late 2022"]
[White "Erdogdu, Mert"]
[Black "Fiorito, Fabian"]
[WhiteFideId "6301495"]
[BlackFideId "100200"]
[WhiteElo "2485"]
[BlackElo "2395"]
[Result "0-1"]
[Round "07"]
[TimeControl "180+1"]
[Date "2022.03.08"]
[WhiteClock "0:00:01"]
[BlackClock "0:00:07"]

1. e4 c6 2. d4 d5 3. e5 Bf5 4. Nd2 e6 5. Nb3 Nd7 6. Nf3 a6 7. Be2 h6 8. Be3 Rc8 9. O-O Ne7 10. c3 Bh7 11. Ne1 Nf5 12. g4 Nxe3 13. fxe3 Qg5 14. Ng2 Be4 15. h4 Qd8 16. Bf3 Bg6 17. Nd2 Be7 18. Qe1 c5 19. Qg3 Qb6 20. Nf4 Bh7 21. b3 cxd4 22. cxd4 Rc3 23. Rae1 Qa5 24. Re2 Rc2 25. Rff2 Qxa2 26. g5 hxg5 27. hxg5 Bf5 28. Bg4 Bxg4 29. Qxg4 g6 30. e4 dxe4 31. Nxe4 Qb1+ 32. Rf1 Rc1 33. Nd2 Rxf1+ 34. Nxf1 Qxb3 35. d5 Bc5+ 36. Kg2 Nf8 37. dxe6 Nxe6 38. Ng3 Qc4 39. Nxe6 Qxg4 40. Nxc5 Rh3 41. Ne4 Qh4 42. Re3 Rh2+ 43. Kf3 Qh3 44. Nf6+ Kf8 45. Rd3 Qg2+ 46. Kg4 Qh3+ 47. Kf3 Qg2+ 48. Kg4 Kg7 49. Rd8 Rh8 50. Rd7 Qc6 51. e6 Qc4+ 0-1


[Site "https://www.chess.com"]

[Event "Titled Tuesday Blitz March 08 Late 2022"]
[White "Fishbein, Alexander"]
[Black "Jacobson, Brandon"]
[WhiteFideId "2000377"]
[BlackFideId "30901561"]
[WhiteElo "2442"]
[BlackElo "2362"]
[Result "1-0"]
[Round "07"]
[TimeControl "180+1"]
[Date "2022.03.08"]
[WhiteClock "0:01:59"]
[BlackClock "0:01:17"]

1. Nf3 g6 2. e4 Bg7 3. d4 d6 4. c3 Nf6 5. Bd3 O-O 6. O-O Nc6 7. Na3 e5 8. Nc2 Re8 9. Re1 d5 10. Bg5 Bg4 11. h3 Bxf3 12. Qxf3 exd4 13. cxd4 dxe4 14. Bxe4 Nxd4 15. Nxd4 Qxd4 16. Bxb7 Rab8 17. Rxe8+ Nxe8 18. Rd1 Qxb2 19. Bd5 Nd6 20. Bb3 Re8 21. Rxd6 Re1+ 22. Kh2 Be5+ 23. g3 Bxg3+ 24. Kxg3 1-0


[Site "https://www.chess.com"]

[Event "Titled Tuesday Blitz March 08 Late 2022"]
[White "Galego, Luis"]
[Black "Golubev, Mikhail"]
[WhiteFideId "1900072"]
[BlackFideId "14100983"]
[WhiteElo "2516"]
[BlackElo "2374"]
[Result "0-1"]
[Round "07"]
[TimeControl "180+1"]
[Date "2022.03.09"]
[WhiteClock "0:01:14"]
[BlackClock "0:00:28"]

1. e4 c5 2. Nf3 d6 3. d4 Nf6 4. Bb5+ Nbd7 5. e5 Qa5+ 6. Nc3 Nd5 7. Bd2 Nxc3 8. Bxd7+ Bxd7 9. Bxc3 Qa6 10. d5 O-O-O 11. Ng5 dxe5 12. Nxf7 Qg6 13. Nxh8 Qxg2 14. Kd2 Qg5+ 15. Ke1 Qg2 16. Rf1 Bb5 17. Kd2 Rxd5+ 18. Kc1 Rxd1+ 19. Rxd1 Qxf2 20. a4 Be2 21. Re1 g6 22. b3 Bh6+ 23. Kb2 Bd3 24. Bxe5 Qxc2+ 25. Ka3 Bd2 0-1


[Site "https://www.chess.com"]

[Event "Titled Tuesday Blitz March 08 Late 2022"]
[White "Goltseva, Ekaterina"]
[Black "Nakamura, Hikaru"]
[WhiteFideId "24173770"]
[BlackFideId "2016192"]
[WhiteElo "2140"]
[BlackElo "2850"]
[Result "0-1"]
[Round "07"]
[TimeControl "180+1"]
[Date "2022.03.08"]
[WhiteClock "0:00:06"]
[BlackClock "0:02:06"]

1. d4 g6 2. c4 Bg7 3. e4 d6 4. Nc3 a6 5. Nf3 Bg4 6. Be2 Nd7 7. Be3 c5 8. d5 Bxf3 9. gxf3 Qa5 10. Bd2 Ngf6 11. f4 O-O 12. h4 h5 13. Rg1 b5 14. cxb5 axb5 15. Nxb5 Qb6 16. Qc2 c4 17. Nc3 Rab8 18. Rb1 Nc5 19. e5 Ng4 20. Bxg4 Nd3+ 21. Kd1 Qxf2 22. Ne2 hxg4 23. Be1 Qf3 24. Rg3 Qxd5 25. Qd2 dxe5 26. Rxg4 Rfd8 27. fxe5 Nf2+ 28. Kc2 Qxd2+ 29. Bxd2 Nxg4 0-1


[Site "https://www.chess.com"]

[Event "Titled Tuesday Blitz March 08 Late 2022"]
[White "Hambleton, Aman"]
[Black "Kushko, Dmitriy"]
[WhiteFideId "2606577"]
[BlackFideId "14162261"]
[WhiteElo "2552"]
[BlackElo "2225"]
[Result "1-0"]
[Round "07"]
[TimeControl "180+1"]
[Date "2022.03.08"]
[WhiteClock "0:00:24"]
[BlackClock "0:00:02"]

1. d4 d6 2. e4 Nf6 3. f3 e5 4. dxe5 dxe5 5. Qxd8+ Kxd8 6. Bc4 Ke8 7. Be3 Nbd7 8. Nd2 Bc5 9. Nf1 Ke7 10. Ne2 c6 11. a4 a5 12. O-O-O Bxe3+ 13. Nxe3 Nc5 14. b3 Ne8 15. Rd2 Nd6 16. Rhd1 Rd8 17. Nc3 Be6 18. Bxe6 Kxe6 19. Nc4 Nxc4 20. Rxd8 Rxd8 21. Rxd8 Nd6 22. Kd2 b6 23. h4 Ke7 24. Rh8 h6 25. Rb8 Nd7 26. Ra8 Ne8 27. h5 Nc7 28. Rc8 Kd6 29. Nd1 Ne6 30. Ne3 b5 31. axb5 cxb5 32. Ra8 Kc7 33. Rxa5 Kb6 34. Ra8 Nc7 35. Rg8 Ne6 36. Nf5 Nf6 37. Rb8+ Kc6 38. g4 Nd7 39. Rc8+ Kb7 40. Nd6+ Kb6 41. Nxf7 Nd4 42. Ke3 1-0


[Site "https://www.chess.com"]

[Event "Titled Tuesday Blitz March 08 Late 2022"]
[White "Hartikainen, Jarmo"]
[Black "Winkels, Marcel"]
[WhiteFideId "503134"]
[BlackFideId "1003887"]
[WhiteElo "2105"]
[BlackElo "1900"]
[Result "0-1"]
[Round "07"]
[TimeControl "180+1"]
[Date "2022.03.09"]
[WhiteClock "0:00:09"]
[BlackClock "0:00:55"]

1. e4 g6 2. d4 Bg7 3. Nc3 d5 4. e5 h5 5. Bg5 c5 6. Nf3 Nc6 7. Bb5 cxd4 8. Qxd4 Be6 9. O-O-O Kf8 10. Bxc6 bxc6 11. h3 Qb6 12. g4 hxg4 13. hxg4 Rxh1 14. Rxh1 Rb8 15. b3 c5 16. Qf4 Qb4 17. Qxb4 cxb4 18. Ne2 Bxg4 19. Nfd4 Bxe5 20. f3 Bd7 21. Rh7 Bf6 22. Be3 e5 0-1


[Site "https://www.chess.com"]

[Event "Titled Tuesday Blitz March 08 Late 2022"]
[White "Hryshchenko, Kamila"]
[Black "Wieczorek, Oskar"]
[WhiteFideId "14147491"]
[BlackFideId "1133950"]
[WhiteElo "1929"]
[BlackElo "2319"]
[Result "1-0"]
[Round "07"]
[TimeControl "180+1"]
[Date "2022.03.08"]
[WhiteClock "0:01:26"]
[BlackClock "0:00:11"]

1. e4 c5 2. Nf3 g6 3. d4 cxd4 4. Nxd4 Nc6 5. Nc3 Bg7 6. Nxc6 bxc6 7. Bc4 d6 8. O-O Qc7 9. Re1 Nf6 10. Bf4 Ng4 11. Qd2 O-O 12. h3 Ne5 13. Bf1 Rb8 14. b3 Re8 15. Rad1 Qa5 16. Re3 Be6 17. Qc1 Nc4 18. Bxc4 Bxc4 19. Na4 Be6 20. c4 c5 21. Rf3 Bd7 22. Nc3 Bc6 23. Nd5 Bxd5 24. exd5 Qxa2 25. Rd2 Qa5 26. Re2 Bf6 27. Bh6 Ra8 28. h4 Qa1 29. Qxa1 Bxa1 30. h5 Bd4 31. Ra2 e6 32. Bf4 exd5 33. cxd5 Be5 34. Ra6 Rab8 35. Rxa7 Bxf4 36. Rxf4 Rf8 37. h6 Rxb3 38. Rf6 Rb4 39. g3 Rd4 40. Rxd6 c4 41. Rc7 c3 42. Rxc3 Re8 43. Rc7 Rf8 44. Kg2 Rd2 45. Rdd7 Rd4 46. Kf3 1-0


[Site "https://www.chess.com"]

[Event "Titled Tuesday Blitz March 08 Late 2022"]
[White "Indjic, Aleksandar"]
[Black "Jobava, Baadur"]
[WhiteFideId "911925"]
[BlackFideId "13601520"]
[WhiteElo "2616"]
[BlackElo "2617"]
[Result "1-0"]
[Round "07"]
[TimeControl "180+1"]
[Date "2022.03.08"]
[WhiteClock "0:00:04"]
[BlackClock "0:00:02"]

1. d4 d5 2. c4 dxc4 3. e3 Nf6 4. Bxc4 e6 5. Nf3 b6 6. Nc3 Bb7 7. O-O Nbd7 8. Qe2 Bb4 9. a3 Bxc3 10. bxc3 c5 11. a4 O-O 12. Bb2 Qc7 13. Bd3 e5 14. e4 exd4 15. cxd4 Rfe8 16. Nd2 cxd4 17. Bxd4 Qd6 18. Bb2 Nc5 19. Bb5 Red8 20. Rfd1 Qe7 21. f3 h5 22. a5 a6 23. Bc4 b5 24. Ba2 Na4 25. Nf1 Nxb2 26. Qxb2 h4 27. h3 Nh5 28. Ne3 Nf4 29. Nf5 Qg5 30. Kh1 Nh5 31. Qb3 Qf6 32. Qe3 Ng3+ 33. Nxg3 hxg3 34. Re1 Qe5 35. f4 Qd4 36. Qxg3 Bxe4 37. f5 Bxf5 38. Rf1 Ra7 39. Kh2 Be6 40. Bxe6 fxe6 41. Rad1 Qxd1 42. Rxd1 Rxd1 43. Qb8+ Kh7 44. Qxa7 b4 45. Qxa6 b3 46. Qb6 Ra1 47. Qxb3 Rxa5 48. Qxe6 1-0


[Site "https://www.chess.com"]

[Event "Titled Tuesday Blitz March 08 Late 2022"]
[White "Ishbaev, Alibek"]
[Black "Korchmar, Vasiliy"]
[WhiteFideId "14205017"]
[BlackFideId "24131750"]
[WhiteElo "2362"]
[BlackElo "2370"]
[Result "0-1"]
[Round "07"]
[TimeControl "180+1"]
[Date "2022.03.08"]
[WhiteClock "0:00:06"]
[BlackClock "0:00:06"]

1. c4 Nf6 2. Nc3 g6 3. e4 d6 4. g3 Bg7 5. Bg2 O-O 6. Nge2 e5 7. O-O Nbd7 8. d3 Nc5 9. h3 a5 10. Be3 b6 11. Qd2 Bb7 12. f4 exf4 13. Rxf4 Nfd7 14. Raf1 Ne5 15. Nc1 a4 16. R4f2 Qd7 17. Kh2 Rae8 18. b4 axb3 19. axb3 f5 20. d4 Nxb3 21. Nxb3 Nxc4 22. Qd3 Nxe3 23. Qxe3 c5 24. Qd3 Qf7 25. dxc5 Qxb3 26. exf5 Bxg2 27. Kxg2 Qxc3 28. Qd5+ Kh8 29. cxd6 gxf5 30. d7 Rd8 31. Rxf5 Rg8 32. Rf7 Be5 33. R1f3 Rxg3+ 34. Rxg3 Qxg3+ 35. Kf1 Qxh3+ 36. Ke2 Qh2+ 37. Kd3 Qg3+ 38. Ke4 Bg7 39. Qf5 Qe1+ 40. Kd5 Qd2+ 41. Kc6 Qc3+ 42. Kb7 Qd4 43. Qe6 h6 44. Qe8+ Kh7 45. Qxd8 Qd5+ 46. Kc8 Qxf7 47. Qc7 Bf6 48. Qc2+ Kg7 49. Qf5 Qe7 50. Qg4+ Kf7 51. Kb7 Qd8 52. Kc6 Bg5 53. Qf5+ Qf6+ 54. Qxf6+ Bxf6 55. Kxb6 h5 56. Kc5 h4 57. Kd5 h3 58. Ke4 h2 59. Kf5 h1=Q 60. d8=Q Bxd8 0-1


[Site "https://www.chess.com"]

[Event "Titled Tuesday Blitz March 08 Late 2022"]
[White "Janaszak, Dawid"]
[Black "Karttunen, Mika"]
[WhiteFideId "1119206"]
[BlackFideId "502081"]
[WhiteElo "2199"]
[BlackElo "2343"]
[Result "1-0"]
[Round "07"]
[TimeControl "180+1"]
[Date "2022.03.09"]
[WhiteClock "0:00:44"]
[BlackClock "0:00:04"]

1. e4 c5 2. Nc3 g6 3. h4 h5 4. Bc4 e6 5. Nge2 a6 6. a4 Nc6 7. d4 cxd4 8. Nxd4 Bg7 9. Be3 Ne5 10. Be2 Qc7 11. a5 Nc4 12. Bxc4 Qxc4 13. Ra4 Qc7 14. O-O Ne7 15. Nf3 d6 16. Bd4 e5 17. Bb6 Qc6 18. Qd3 Be6 19. Rd1 Nc8 20. Ng5 Nxb6 21. axb6 Bg4 22. Rc4 Qxb6 23. Nd5 Qd8 24. f3 Be6 25. Nc7+ Ke7 26. Ngxe6 fxe6 27. Nxa8 Qxa8 28. Rc7+ Kf6 29. Qxd6 Re8 30. Qd7 Qa7+ 31. Kh1 1-0


[Site "https://www.chess.com"]